 Dungeon Crawl Stone Soup version 0.29.0-4-gdea44cf6ec (webtiles) character file.

Game seed: 8959415703820054568

26 qw the Chopper (level 3, -2/21 HPs)
             Began as a Tengu Warper on Aug 28, 2022.
             Slain by a quokka (3 damage)
             ... on level 2 of the Dungeon.
             The game lasted 00:00:05 (1390 turns).

qw the Chopper (Tengu Warper)                       Turns: 1390, Time: 00:00:05

Health: -2/21      AC:  8    Str: 13    XL:     3   Next: 8%
Magic:  7/7        EV:  6    Int: 13    God:
Gold:   90         SH:  0    Dex: 13    Spells: 6/6 levels left

rFire   . . .      SeeInvis .   Y - +1 hand axe
rCold   . . .      Faith    .   (no shield)
rNeg    . . .      Spirit   .   i - +0 chain mail
rPois   .          Reflect  .   (helmet restricted)
rElec   .          Harm     .   (no cloak)
rCorr   .          Rampage  .   (no gloves)
Will    .....                   (boots unavailable)
Stlth   ..........              (no amulet)
HPRegen 0.07/turn               (no ring)
MPRegen 0.10/turn               (no ring)

@: lethally poisoned (-2 -> -7)
A: beak, talons 3
a: no special abilities


You were on level 2 of the Dungeon.
You visited 1 branch of the dungeon, and saw 2 of its levels.

You collected 90 gold pieces.


Innate Abilities, Weirdness & Mutations

You have a beak for a mouth.
You have claws for feet.


   Skills:
 - Level 2.0 Fighting
 + Level 3.8 Axes
 - Level 1.0 Throwing
 - Level 1.1 Armour
 - Level 2.1 Dodging
 - Level 2.0 Spellcasting
 - Level 2.4 Translocations


You had 6 spell levels left.
You didn't know any spells.
Your spell library contained the following spells:

 Spells                   Type           Power      Damage    Failure   Level
 Blink                    Tloc           14%        N/A       99%         2
 Gell's Gravitas          Tloc           7%         N/A       100%        3
 Lesser Beckoning         Tloc           7%         N/A       100%        3
 Teleport Other           Tloc           7%         N/A       100%        3
 Manifold Assault         Tloc           7%         N/A       100%        5

Inventory:

Hand Weapons
 b - a +0 mace
 Y - a +1 hand axe (weapon)
Armour
 i - a +0 chain mail (worn)
Jewellery
 f - a ring of ice
Potions
 a - a potion of mutation {unknown}
 c - a potion of haste {unknown}
 g - 2 potions of degeneration {unknown}

Dungeon Overview and Level Annotations

Branches:
Dungeon (2/15)

Altars:


Message History

An adder comes into view.
The adder hisses angrily.
An adder comes into view.
The adder hisses angrily.
A quokka comes into view.
The adder bites you but does no damage.
You closely miss the adder. Your kick misses the adder. The adder bites you. x2
You are poisoned.
The adder poisons you!
You miss the adder. You closely miss the adder.
You feel sick.
The adder bites you but does no damage. x3
You barely miss the adder. You claw the adder.
The adder is lightly wounded.
You hit the adder but do no damage.
You feel sick. The adder bites you.
You are more poisoned.
The adder poisons you! The adder bites you.
You are lethally poisoned!
The adder poisons you! The adder barely misses you.
You miss the adder.
The adder is lightly wounded.
You closely miss the adder.
You feel very sick. The adder bites you but does no damage.
The adder bites you.
The quokka bites you but does no damage.
The adder barely misses you.
You closely miss the adder. You claw the adder.
The adder is moderately wounded.
You hit the quokka but do no damage. You hit the adder but do no damage.
You feel very sick. The adder barely misses you.
The quokka bites you but does no damage.
The adder bites you but does no damage. x2
You barely miss the adder. You claw the adder, but do no damage.
You peck the adder.
The adder is almost dead.
You closely miss the quokka. You hit the adder.
You feel sick. The quokka bites you.
You die...

%.........##
...........#
...........#### ######
......%...[...###.....##
######%######.##.......#
#..# #.#......... ##.#
#.#......... ###.###
#....r...... #.....#
###.@S...... #...#.#
#..S...... #...#.#
##........
#...#.#####.........
#...............?...
#.....#####...<.....
#...#.............$.
#...#.#####.........
#...#.# #...


You could see 2 adders and a quokka.

Vanquished Creatures
  A worm (D:2)
  3 ball pythons
  A bat (D:2)
  An endoplasm (D:2)
  2 hobgoblins (D:1)
  4 jackals (D:1)
  4 quokkas
  3 rats (D:2)
19 creatures vanquished.

Notes
Turn   | Place    | Note
-------+----------+-------------------------------------------
     0 | D:1      | qw the Tengu Warper began the quest for the Orb.
     0 | D:1      | Reached XP level 1. HP: 12/12 MP: 4/4
     0 | D:1      | 0 ||| qw: Version: 0.1-a-89-g26bdef1
     0 | D:1      | 0 ||| qw: Game counter: 2426
     0 | D:1      | 0 ||| qw: Always use a shield: true
     0 | D:1      | 0 ||| qw: God list: Okawaru
     0 | D:1      | 0 ||| qw: Allow faded altars: false
     0 | D:1      | 0 ||| qw: Do Orc after D:15 true
     0 | D:1      | 0 ||| qw: Do second Lair branch before Depths: true
     0 | D:1      | 0 ||| qw: Lair rune preference: random
     0 | D:1      | 0 ||| qw: Plans: Normal
     0 | D:1      | 0 ||| PLANNING D:1-11
   249 | D:1      | Reached XP level 2. HP: 8/17 MP: 6/6
   250 | D:1      | Reached skill level 3 in Axes
   302 | D:1      | 302 ||| Stepping ~*~*~tactically~*~*~ (stealth).
   839 | D:1      | Found a faded altar of an unknown god.
  1175 | D:1      | 1175 ||| UPGRADING to +0 chain mail.
  1185 | D:1      | 1185 ||| DROPPING +0 leather armour.
  1186 | D:1      | 1186 ||| READING scroll labelled SOMARH GOBB.
  1187 | D:1      | 1187 ||| READING scroll labelled COITHO FIKEKHLO.
  1188 | D:1      | 1188 ||| DRINKING 2 purple potions.
  1189 | D:1      | 1189 ||| DROPPING scroll of blinking.
  1190 | D:1      | 1190 ||| DROPPING potion of flight.
  1237 | D:2      | 1237 ||| Stepping ~*~*~tactically~*~*~ (stealth).
  1238 | D:2      | 1238 ||| Stepping ~*~*~tactically~*~*~ (stealth).
  1325 | D:2      | Reached XP level 3. HP: 21/21 MP: 7/7
  1389 | D:2      | HP: 3/21 [poisoned by an adder]
  1390 | D:2      | HP: 1/21 [poisoned by an adder]
  1390 | D:2      | Slain by a quokka

Levels and vault maps discovered:
D:1:      lemuel_arrival_rhombus, layout_basic,
          shapermc_ecumenical_altar_rom_forum
D:2:      layout_rooms

Skill      XL: |  1  2 |
---------------+-------+-----
Axes           | 3 |  3.8
Fighting       | |  2.0
Throwing       | |  1.0
Armour         | |  1.1
Dodging        | |  2.1
Spellcasting   | |  2.0
Translocations | |  2.4

Action                   || total
-------------------------++-------
Melee: Hand axe          ||    56
       Kick              ||    15
       Peck              ||     2
Throw: Boomerang         ||     7
  Use: Scroll            ||     2
       Potion            ||     1
Armor: Leather armour    ||     6
       Chain mail        ||    21
Dodge: Dodged            ||    22

Table legend:
 A = Non-vault XP
 B = Vault XP
 C = Vault XP percentage of total XP
 D = Non-vault monster count
 E = Vault monster count
 F = Vault count percentage of total count
                 A         B        C        D         E       F
            +---------+---------+-------+---------+---------+-------
      Total |      38 |       0 |   0.0 |      19 |       0 |   0.0
            +---------+---------+-------+---------+---------+-------
        D:1 |      20 |       0 |   0.0 |      10 |       0 |   0.0
        D:2 |      18 |       0 |   0.0 |       9 |       0 |   0.0
            +---------+---------+-------+---------+---------+-------
